 Dungeon Crawl Stone Soup version 0.19-b1-5-gdc9fa9d (webtiles) character file.

27486 varam the Severer (level 13, -8/116 HPs)
             Began as a Minotaur Berserker on Oct 31, 2016.
             Was the Champion of Trog.
             Mangled by Rupert
             ... wielding a +6 great sword of slicing
              (14 damage)
             ... on level 3 of the Lair of Beasts.
             The game lasted 00:36:17 (14196 turns).

varam the Severer (Minotaur Berserker)             Turns: 14196, Time: 00:36:18

Health: -8/116     AC: 15    Str: 30    XL:     13   Next: 4%
Magic:  6/12       EV: 16    Int:  4    God:    Trog [******]
Gold:   816        SH:  0    Dex: 14    Spells: 0 memorised, 12 levels left

rFire  . . .     SeeInvis .     x - +6 executioner's axe "Aczineemi" {chaos, -Tele +Inv rElec Str+7}
rCold  + . .     Gourm    .     e - +0 scale mail
rNeg   . . .     Faith    .     (shield currently unavailable)
rPois  .         Spirit   .     a - +2 hat
rElec  +         Reflect  .     y - +2 cloak
rCorr  +         Harm     +     (no gloves)
MR     .....     NoTele   +     S - +0 pair of boots
Stlth  ..........               Q - amulet of harm
                                O - ring of resist corrosion
                                j - ring of protection from cold

@: lethally poisoned (-8 -> -10), exhausted, slowed, very slow
A: retaliatory headbutt, horns 2
a: Berserk, Trog's Hand, Brothers in Arms, Burn Spellbooks, Renounce Religion,
Evoke Invisibility


You were on level 3 of the Lair of Beasts.
You worshipped Trog.
Trog was exalted by your worship.
You were hungry.

You visited 2 branches of the dungeon, and saw 14 of its levels.
You also visited: Labyrinth and Ossuary.

You collected 936 gold pieces.
You spent 120 gold pieces at shops.

Inventory:

Hand Weapons
 c - the +12 arbalest of Dishonour {elec, rN++ MR++ Int-2}
   (You found it in a labyrinth)

   It charges the ammunition it shoots with electricity; occasionally upon a
   hit, such missiles may discharge and cause terrible harm.
   It affects your intelligence (-2).
   It greatly protects you from negative energy.
   It affects your resistance to hostile enchantments.
 w - a +3 antimagic battleaxe
 x - the +6 executioner's axe "Aczineemi" (weapon) {chaos, -Tele +Inv rElec Str+7}
   (Trog gifted it to you on level 11 of the Dungeon)

   Each time it hits an enemy it has a different, random effect.
   It affects your strength (+7).
   It insulates you from electricity.
   It lets you turn invisible.
   It prevents most forms of teleportation.
 B - a +3 war axe of freezing
Missiles
 b - 100 bolts
Armour
 a - a +2 hat (worn)
 e - a +0 scale mail (worn)
 y - a +2 cloak (worn)
 S - a +0 pair of boots (worn)
Rods
 d - a +1 rod of inaccuracy (11/11)
   (You found it in a labyrinth)
 L - a +0 lightning rod (14/14)
   (You found it on level 10 of the Dungeon)
Jewellery
 j - a ring of protection from cold (left hand)
 o - an uncursed ring of positive energy
 H - an uncursed ring of ice
 O - a ring of resist corrosion (right hand)
 Q - an amulet of harm (around neck)
 V - an uncursed ring of see invisible
Wands
 m - a wand of confusion (35/48)
 n - a wand of disintegration (12/24)
 v - a wand of confusion (21/48)
 A - a wand of flame (26/48)
Scrolls
 f - 2 scrolls of magic mapping
 g - 3 scrolls of blinking
 l - 3 scrolls of enchant weapon
 p - 2 scrolls of enchant armour
 s - 13 scrolls of remove curse
 u - 4 scrolls of recharging
 D - 7 scrolls of noise
 F - 2 scrolls of teleportation
 G - 5 scrolls of fear
 K - a scroll of fog
 N - a scroll of holy word
 W - 3 scrolls of immolation
Potions
 i - a potion of agility {unknown}
 k - 7 potions of heal wounds
 q - a potion of invisibility {unknown}
 r - 7 potions of curing
 C - a potion of degeneration {unknown}
 I - a potion of lignification {unknown}
Comestibles
 h - a bread ration
 t - 16 fruits
 z - 9 chunks of flesh
 E - a meat ration


   Skills:
 - Level 11.6 Fighting
 + Level 18.2 Axes
 + Level 4.4 Crossbows
 - Level 10.1 Armour
 - Level 9.0 Dodging


You had 12 spell levels left.
You didn't know any spells.

Dungeon Overview and Level Annotations

Branches:
Dungeon (11/15)            Temple (0/1) D:5            Lair (3/6) D:11
  Snake (0/4) Lair:3          Orc (0/2) D:10
  Swamp: Lair:2-4    Shoals: Lair:2-4

Altars:
Dithmenos
Fedhas
Hepliaklqana
Sif Muna
Yredelemnul

Shops:
D:4 }   D:8 }   D:9 *

Annotations:
Lair:3 Rupert


Innate Abilities, Weirdness & Mutations

You reflexively headbutt those who attack you in melee.
You have a pair of horns on your head.


Message History

The water moccasin misses you. You furiously retaliate!
You headbutt the water moccasin! Rupert barely misses you.
You furiously retaliate!
You headbutt Rupert, but do no damage. The water moccasin misses you.
You furiously retaliate!
You headbutt the water moccasin.
You kill the water moccasin!
Trog accepts your kill.
The water moccasin bites you but does no damage.
You cannot teleport because you are wielding the +6 executioner's axe "Aczineemi" {chaos, -Tele +Inv rElec Str+7}.
The adder closely misses you.
The water moccasin bites you but does no damage.
The adder barely misses you. You furiously retaliate!
You headbutt the adder!
You kill the adder!
Trog accepts your kill. The adder bites you.
You are poisoned.
The adder poisons you!
Rupert hits you with a great sword of slicing!!!
* * * LOW HITPOINT WARNING * * *
You die...

#. ##. ..# #?. .#...#
#..## #...# ...
#..P###...# ##..
#...##...# ... ##.....##
##.. ###S......######...
#@@†..>P...##..##..
......YSS##...........P#.
....P..P.#.##...###.....†
?...####.####..#.######.†
... ... #...### #... ..
..P##...## ##.. .
#(.####...# ##† ..##
#..P# #.# ##..## #..


You could see Rupert (berserk), an elephant, 2 water moccasins and an adder.

Vanquished Creatures
  Gastronok (Lair:1)
  A minotaur (Lab)
  Erica (D:8)
  Nergalle (Lair:3)
  The ghost of Gekot the Thaumaturge, a novice DEFE of Vehumet (D:8)
  2 hill giants
  Pikel (D:5)
  2 orc knights (D:11)
  A manticore (D:11)
  5 elephants (Lair:3)
  5 black mambas
  Joseph (D:9)
  A torpor snail (Lair:3)
  A gargoyle (D:10)
  3 spiny frogs
  4 komodo dragons
  2 trolls
  2 dream sheep (Lair:3)
  3 hippogriffs
  Sigmund (D:4)
  A wyvern (D:11)
  4 yaks (D:9)
  A basilisk (Lair:2)
  2 hungry ghosts
  16 wargs (D:11)
  Menkaure (D:6)
  11 water moccasins
  5 porcupines
  8 orc warriors
  12 ice beasts
  4 sky beasts
  3 slaves (D:5)
  A black bear (D:8)
  A hornet zombie (D:8)
  2 necrophages
  3 phantoms
  6 wolves (Lair:2)
  7 ogres
  6 centaurs
  4 crocodiles
  A gnoll sergeant (D:11)
  A wyvern zombie (D:9)
  9 bullfrogs
  A wyvern skeleton (D:11)
  2 scorpions
  A water moccasin skeleton (D:5)
  6 killer bees (D:5)
  2 electric eels (Lair:1)
  3 crimson imps
  3 quasits
  3 centaur skeletons
  5 hounds
  6 orc priests
  4 jellies
  3 bullfrog skeletons
  2 iguanas
  8 worker ants
  7 orc wizards
  5 big kobold zombies (Ossuary)
  3 hound skeletons
  2 mummies
  14 adders
  8 gnolls
  A shadow imp (D:5)
  3 oozes
  An adder skeleton (D:9)
  An adder zombie (D:7)
  2 worms (D:2)
  2 dart slugs (D:1)
  7 leopard geckos
  54 orcs
  A spectral bat (Ossuary)
  4 ball pythons
  6 giant cockroaches
  7 gnoll zombies (Ossuary)
  7 goblins
  6 hobgoblins
  13 jackals
  9 kobolds
  4 quokkas
  9 bats
  3 bat simulacra (Ossuary)
  2 frilled lizards
  A goblin simulacrum (Ossuary)
  5 goblin zombies (Ossuary)
  4 hobgoblin zombies (Ossuary)
  A jackal skeleton (D:6)
  A kobold simulacrum (Ossuary)
  2 kobold zombies (Ossuary)
  6 orc zombies (Ossuary)
  2 quokka zombies
  6 rats
  3 rat simulacra (Ossuary)
  3 spectral goblins (Ossuary)
  A spectral kobold (Ossuary)
  5 spectral rats (Ossuary)
  3 fungi
  3 plants
424 creatures vanquished.

Vanquished Creatures (collateral kills)
  A hill giant (D:11)
  2 orc knights (D:11)
  An ice beast (D:11)
  2 orcs (D:11)
6 creatures vanquished.

Vanquished Creatures (others)
  A hobgoblin zombie (Ossuary)
1 creature vanquished.

Grand Total: 431 creatures vanquished

Notes
Turn   | Place    | Note
-------+----------+-------------------------------------------
     0 | D:1      | varam the Minotaur Berserker began the quest for the Orb.
     0 | D:1      | Reached XP level 1. HP: 19/19 MP: 0/0
    48 | D:1      | Reached skill level 4 in Axes
    87 | D:1      | Reached XP level 2. HP: 23/26 MP: 1/1
   179 | D:1      | Reached skill level 5 in Axes
   308 | D:1      | Reached ** piety under Trog
   308 | D:1      | Reached XP level 3. HP: 27/31 MP: 2/2
  1004 | D:2      | Reached XP level 4. HP: 39/39 MP: 3/3
  1062 | D:2      | Reached skill level 6 in Axes
  1341 | D:3      | Reached *** piety under Trog
  1640 | D:4      | Reached skill level 7 in Axes
  1640 | D:4      | Reached XP level 5. HP: 45/45 MP: 4/4
  1678 | D:4      | Noticed Sigmund
  1685 | D:4      | Killed Sigmund
  1685 | D:4      | Reached skill level 8 in Axes
  1685 | D:4      | Reached XP level 6. HP: 51/51 MP: 5/5
  1725 | D:4      | Found Suunig's Gadget Shop.
  1725 | D:4      | Found a hazy altar of Hepliaklqana.
  1775 | D:4      | Reached skill level 9 in Axes
  2313 | D:4      | Reached XP level 7. HP: 57/57 MP: 6/6
  2332 | D:5      | Entered Level 5 of the Dungeon
  2354 | D:5      | Reached skill level 10 in Axes
  2395 | D:5      | Reached skill level 3 in Armour
  2408 | D:5      | Reached skill level 4 in Armour
  2714 | D:5      | Reached XP level 8. HP: 58/64 MP: 7/7
  2720 | D:5      | Reached skill level 5 in Armour
  2805 | D:5      | Reached **** piety under Trog
  2805 | D:5      | Reached skill level 6 in Armour
  2989 | D:5      | Reached skill level 7 in Armour
  3028 | D:5      | Found a staircase to the Ecumenical Temple.
  3087 | D:5      | Noticed Pikel
  3098 | D:5      | Killed Pikel
  3098 | D:5      | Reached skill level 9 in Armour
  3504 | D:5      | Reached skill level 10 in Armour
  3504 | D:5      | Reached XP level 9. HP: 33/70 MP: 8/8
  3787 | D:6      | Reached skill level 4 in Fighting
  4000 | D:6      | Found a shadowy altar of Dithmenos.
  4060 | D:6      | Noticed Menkaure
  4079 | D:6      | Killed Menkaure
  4079 | D:6      | Reached skill level 5 in Fighting
  4271 | D:6      | Reached skill level 6 in Fighting
  4293 | D:6      | Found a blossoming altar of Fedhas.
  4698 | D:7      | Reached skill level 7 in Fighting
  5575 | D:7      | Reached skill level 8 in Fighting
  6107 | D:8      | Noticed Erica
  6116 | D:8      | Killed Erica
  6116 | D:8      | Reached skill level 10 in Fighting
  6120 | D:8      | Reached ***** piety under Trog
  6120 | D:8      | Reached XP level 10. HP: 94/94 MP: 9/9
  6237 | D:8      | Found a sand-covered staircase.
  6248 | Ossuary  | Entered an ossuary
  6375 | Ossuary  | Received a gift from Trog
  6403 | Ossuary  | Reached skill level 11 in Fighting
  6838 | D:8      | Noticed Gekot's ghost (novice DEFE)
  6843 | D:8      | Killed Gekot's ghost
  6843 | D:8      | Reached skill level 11 in Axes
  6863 | D:8      | Found Meul's Gadget Shoppe.
  7038 | D:9      | Noticed Joseph
  7043 | D:9      | Reached skill level 12 in Axes
  7047 | D:9      | Killed Joseph
  7424 | D:9      | Reached skill level 13 in Axes
  7450 | D:9      | Received a gift from Trog
  7475 | D:9      | Found a deep blue altar of Sif Muna.
  7490 | D:9      | Found a basalt altar of Yredelemnul.
  7492 | D:9      | Found Veud's Assorted Antiques.
  7510 | D:9      | Bought a scroll of identify for 60 gold pieces
  7510 | D:9      | Bought a scroll of identify for 60 gold pieces
  7668 | D:10     | Entered Level 10 of the Dungeon
  7698 | D:10     | Noticed a hill giant
  7707 | D:10     | Killed a hill giant
  7707 | D:10     | Reached XP level 11. HP: 103/103 MP: 3/10
  7740 | D:10     | Reached skill level 14 in Axes
  7913 | D:10     | Found a staircase to the Orcish Mines.
  9006 | D:11     | Noticed a hill giant
  9010 | D:11     | Killed a hill giant
  9010 | D:11     | Reached skill level 15 in Axes
  9144 | D:11     | Reached skill level 3 in Dodging
  9392 | D:11     | Noticed a hill giant
  9414 | D:11     | Killed a hill giant
  9472 | D:11     | Reached skill level 4 in Dodging
  9818 | D:11     | Found a staircase to the Lair.
 10041 | D:11     | Reached skill level 5 in Dodging
 10209 | D:11     | Reached ****** piety under Trog
 10390 | D:11     | Received a gift from Trog
 10393 | D:11     | Got a smoking executioner's axe {god gift}
 10394 | D:11     | Identified the +6 executioner's axe "Aczineemi" {chaos, -Tele +Inv rElec Str+7} (Trog gifted it to you on level 11 of the Dungeon)
 10454 | D:11     | Noticed an orc knight
 10457 | D:11     | Noticed an orc knight
 10461 | D:11     | Killed an orc knight
 10461 | D:11     | Reached skill level 6 in Dodging
 10467 | D:11     | Killed an orc knight
 10467 | D:11     | Reached skill level 16 in Axes
 10469 | D:11     | Noticed an orc knight
 10474 | D:11     | Noticed an orc knight
 10478 | D:11     | Killed an orc knight
 10480 | D:11     | Killed an orc knight
 10700 | D:11     | Reached XP level 12. HP: 110/110 MP: 11/11
 10747 | Lair:1   | Entered Level 1 of the Lair of Beasts
 10747 | Lair:1   | Found a labyrinth entrance.
 10805 | Lab      | Entered a labyrinth
 11850 | Lab      | Noticed a minotaur
 11855 | Lab      | Killed a minotaur
 11855 | Lab      | Reached skill level 7 in Dodging
 11858 | Lab      | Got a brightly glowing hunting sling
 11858 | Lab      | Got a shimmering arbalest
 11946 | Lair:1   | Identified the +12 arbalest of Dishonour {elec, rN++ MR++ Int-2} (You found it in a labyrinth)
 11949 | Lair:1   | Identified the +9 hunting sling of Starshine {freeze, -Tele rN+++ Int+4} (You found it in a labyrinth)
 12394 | Lair:1   | Noticed Gastronok
 12401 | Lair:1   | Killed Gastronok
 12401 | Lair:1   | Reached skill level 8 in Dodging
 13101 | Lair:2   | Reached skill level 9 in Dodging
 13151 | Lair:2   | Reached skill level 17 in Axes
 13304 | Lair:2   | Found a blossoming altar of Fedhas.
 13541 | Lair:2   | Received a gift from Trog
 13935 | Lair:3   | Noticed Nergalle
 13939 | Lair:3   | Killed Nergalle
 13939 | Lair:3   | Reached skill level 1 in Crossbows
 14034 | Lair:3   | Reached skill level 2 in Crossbows
 14084 | Lair:3   | Reached skill level 18 in Axes
 14158 | Lair:3   | Reached skill level 3 in Crossbows
 14161 | Lair:3   | Found a staircase to the Snake Pit.
 14186 | Lair:3   | Noticed Rupert
 14187 | Lair:3   | Reached skill level 4 in Crossbows
 14187 | Lair:3   | Reached XP level 13. HP: 116/116 MP: 5/12
 14191 | Lair:3   | Paralysed by Rupert for 2 turns
 14196 | Lair:3   | HP: 6/116 [Rupert/great sword of slicing (50)]
 14196 | Lair:3   | Mangled by Rupert

Skill      XL: |  1  2  3  4  5  6  7  8  9 10 11 12 |
---------------+-------------------------------------+-----
Axes           | 4 5 7 8 9 10 13 16 18 | 18.2
Armour         | 4 10 | 10.1
Fighting       | 10 11 | 11.6
Dodging        | 6 9 |  9.0
Crossbows      | 4 |  4.4

Action                   |  1- 3 |  4- 6 |  7- 9 | 10-12 | 13-15 || total
-------------------------+-------+-------+-------+-------+-------++-------
Melee: Hand axe          |    78 |   114 |   262 |       |       ||   454
       Headbutt          |    14 |    21 |    53 |    83 |     1 ||   172
       War axe           |       |       |    35 |    70 |       ||   105
       Battleaxe         |       |       |       |   277 |       ||   277
       Executioner's axe |       |       |       |   102 |     4 ||   106
 Fire: Arbalest          |       |       |       |    10 |       ||    10
Invok: Berserk           |       |     2 |     6 |    14 |       ||    22
       Trog's Hand       |       |       |     1 |       |       ||     1
       Brothers in Arms  |       |       |       |     3 |       ||     3
       Burn Spellbooks   |       |       |       |     2 |       ||     2
  Use: Scroll            |       |       |     1 |    17 |       ||    18
 Stab: Paralysed         |       |       |       |     1 |       ||     1
  Eat: Chunk             |       |     6 |     9 |    16 |       ||    31
       Bread ration      |       |       |     2 |     5 |       ||     7
       Royal jelly       |       |       |       |     1 |       ||     1
       Fruit             |       |       |       |     1 |       ||     1
Armor: Animal skin       |     3 |       |       |       |       ||     3
       Scale mail        |    38 |    34 |   173 |   149 |     3 ||   397
Dodge: Dodged            |    52 |    52 |   171 |   257 |    11 ||   543
